 Dungeon Crawl Stone Soup version 0.27-a0-333-gfa571bf19a (webtiles) character file.

Game seed: 11074045195288302864

70 Chiseanne the Chiller (level 4, -2/35 HPs)
             Began as a Demonspawn Wanderer on Feb 12, 2021.
             Slain by an orc
             ... wielding a +2 dagger of venom
              (3 damage)
             ... on level 3 of the Dungeon.
             The game lasted 00:09:21 (2525 turns).

Chiseanne the Chiller (Demonspawn Wanderer)         Turns: 2525, Time: 00:09:21

Health: -2/35      AC:  7    Str: 13    XL:     4   Next: 4%
Magic:  6/6        EV:  9    Int: 13    God:
Gold:   69         SH:  0    Dex: 13    Spells: 5/5 levels left

rFire    . . .     SeeInvis .   a - +2 spear
rCold    . . .     Faith    .   (no shield)
rNeg     . . .     Spirit   .   i - +0 scale mail
rPois    .         Reflect  .   (no helmet)
rElec    .         Harm     .   j - +0 cloak
rCorr    .         Rampage  .   (no gloves)
Will     .....                  (no boots)
Stlth    ..........             (no amulet)
HPRegen  0.11/turn              (no ring)
MPRegen  0.10/turn              (no ring)

@: confused, lethally poisoned (-2 -> -33)
A: demonic guardian 1
a: no special abilities


You were on level 3 of the Dungeon.
You visited 1 branch of the dungeon, and saw 3 of its levels.

You collected 69 gold pieces.

Inventory:

Hand Weapons
 a - a +2 spear (weapon)
 b - a +0 hand crossbow
 e - a +2 antimagic dagger
 l - a +0 long sword of freezing
Missiles
 c - 38 bolts
 f - 41 stones
 g - 14 arrows
Armour
 i - a +0 scale mail (worn)
 j - a +0 cloak (worn)
Scrolls
 d - a scroll of identify
 h - 2 scrolls of fog
 k - 3 scrolls of amnesia


   Skills:
 * Level 3.0 Fighting
 * Level 1.3 Armour
 * Level 1.6 Dodging
 - Level 1.8 Shields
 - Level 1.3 Spellcasting
 - Level 1.0 Hexes
 - Level 3.6 Ice Magic


You had 5 spell levels left.
You didn't know any spells.
Your spell library contained the following spells:

 Spells                   Type           Power        Failure   Level
 Freeze                   Ice            40%          28%         1
 Ozocubu's Armour         Ice            10%          65%         3


Dungeon Overview and Level Annotations

Branches:
Dungeon (3/15)

Altars:
Okawaru
Zin
The Shining One


Innate Abilities, Weirdness & Mutations

A weak demonic guardian rushes to your aid.


Message History

Something hits you but does no damage. The orc hits you but does no damage.
You are more poisoned.
You hit the orc.
The orc is moderately wounded.
You feel very sick.
You hear some strange, mumbled words.
Something tries to affect you, but you resist.
The orc hits you but does no damage.
You bump into the rock wall.
You feel sick.
You bump into the rock wall.
You feel very sick. The orc barely misses you.
You are too confused!
Unknown command.
You bump into the rock wall.
You feel sick.
You hear some strange, mumbled words.
Something tries to affect you, but you resist.
The orc hits you but does no damage.
You are more poisoned.
You miss something.
* * * LOW HITPOINT WARNING * * *
You feel very sick.
You hear some strange, mumbled words.
A magic dart appears from out of thin air!
The magic dart hits you.
* * * LOW HITPOINT WARNING * * *
A demonic guardian appears!
The orc barely misses you.
You bump into the rock wall.
* * * LOW HITPOINT WARNING * * *
You feel sick. Something hits you but does no damage.
The orc hits you but does no damage.
You are more poisoned.
Your shadow imp barely misses the giant cockroach.
You hit the orc.
The orc is heavily wounded.
* * * LOW HITPOINT WARNING * * *
You feel very sick. Something hits you but does no damage.
The orc hits you with a +2 dagger of venom.
You die...

### #.. #.#
###5# #@{B#
#o#.# ##o#
.# #(#
##lg###...#
#>#...gl.#
##..######
#..# #..#
#..##


You could see 2 orcs, a giant cockroach (ally target), a hobgoblin, a frilled
lizard and a friendly shadow imp (summoned).

Vanquished Creatures
  2 adders
  2 worms (D:2)
  A dart slug (D:1)
  A leopard gecko (D:1)
  An orc (D:3)
  3 bats
  3 giant cockroaches
  6 goblins
  3 hobgoblins
  2 jackals
  A quokka (D:3)
  7 frilled lizards
  6 kobolds
  2 rats (D:2)
40 creatures vanquished.

Vanquished Creatures (collateral kills)
  A worm (D:2)
  A giant cockroach (D:2)
  A hobgoblin (D:1)
  2 jackals (D:1)
5 creatures vanquished.

Grand Total: 45 creatures vanquished

Notes
Turn   | Place    | Note
-------+----------+-------------------------------------------
     0 | D:1      | Chiseanne the Demonspawn Wanderer began the quest for the
                  | Orb.
     0 | D:1      | Chiseanne set off with the following items: a +2 spear, a
                  | +0 hand crossbow, 24 bolts, a +0 robe; and the following
                  | spell memorised: Freeze; and the following spells available
                  | to memorise: Ozocubu's Armour
     0 | D:1      | Reached XP level 1. HP: 16/16 MP: 1/1
   339 | D:1      | Gained mutation: A weak demonic guardian rushes to your
                  | aid. [demonic ancestry]
   339 | D:1      | Reached XP level 2. HP: 15/22 MP: 0/2
   572 | D:1      | Reached skill level 1 in Spellcasting
   748 | D:1      | Reached skill level 1 in Dodging
  1104 | D:2      | Reached XP level 3. HP: 28/28 MP: 4/4
  1457 | D:2      | Found a glowing golden altar of the Shining One.
  1533 | D:3      | Found a glowing silver altar of Zin.
  2231 | D:3      | Found an iron altar of Okawaru.
  2328 | D:3      | Reached XP level 4. HP: 20/34 MP: 6/6
  2525 | D:3      | HP: 1/35 [poisoned by an orc]
  2525 | D:3      | Slain by an orc

Illustrated notes

Levels and vault maps discovered:
D:1:      saegor_arrival_under_anarchy, layout_loops_cross, minmay_pentomino_r2
D:2:      layout_loops_corners, serial_bayou, serial_bayou_shore_b,
          serial_bayou_shore_b, serial_bayou_crossing, serial_bayou_shore_b,
          serial_bayou_lake_a, serial_bayou_pond_e,
          minmay_misc_feat_more_columns, tso_metal_star
D:3:      layout_loops_ring, overflow_temple_1_default,
          yredelemnul_forgotten_temple_becter, zin_statuary

Skill      XL: |  1  2  3  4 |
---------------+-------------+-----
Spellcasting   | 1 |  1.3
Dodging        | 1 |  1.6
Fighting       | 3 |  3.0
Armour         | |  1.3
Shields        | |  1.8
Hexes          | |  1.0
Ice Magic      | |  3.6

Action                   |  1- 3 |  4- 6 || total
-------------------------+-------+-------++-------
Melee: Spear             |    97 |    14 ||   111
 Cast: Freeze            |    20 |       ||    20
  Use: Scroll            |     5 |       ||     5
Armor: Robe              |    11 |       ||    11
       Scale mail        |    22 |    16 ||    38
Dodge: Dodged            |    61 |     4 ||    65

Table legend: (Time is in decaauts)
 A = Elapsed time spent in this place.
 B = Non-inter-level travel time spent in this place.
 C = Inter-level travel time spent in this place.
 D = Time resting spent in this place.
 E = Time spent auto-exploring this place.
 F = Levels seen in this place.
 G = Mean time per level.
                   A        B        C        D        E       F      G
               +--------+--------+--------+--------+--------+-----+--------+
         Total |   2540 |   2540 |      0 |   1537 |      0 |   3 |  846.7 |
       Dungeon |   2540 |   2540 |      0 |   1537 |      0 |   3 |  846.7 |
               +--------+--------+--------+--------+--------+-----+--------+

Top non-repeatable levels by time:
     D:1: 943 daAuts
     D:2: 892 daAuts
     D:3: 703 daAuts
